[ AOE2 MATCH · #507864585 ]
UnrankedHuns vs Celts
Player's team · LOSS
Rival team · WIN
[ REPLAY ANALYSIS · EXTRACTED FROM THE RECORDED GAME ]
Feudal
9:42
Castle
—
Imperial
—
| APM avg | 66.8 |
| APM peak | 119 |
| eAPM avg | 27.3 |
| Villagers / military | 52 / 20 |
Focus
⚔️ 33.8% · 🌾 66.2%
Skirmisher ×11 · Archer ×6 · Scout Cavalry ×3
Feudal
10:07
Castle
—
Imperial
—
| APM avg | 62.7 |
| APM peak | 111 |
| eAPM avg | 24.7 |
| Villagers / military | 48 / 31 |
Focus
⚔️ 36.3% · 🌾 63.7%
Skirmisher ×19 · Militia ×6 · Spearman ×6
Match map
Initial resources + every placement click. Lines = walls · curves = elevation contours. ◆ gold · ⬟ stone · ● berries · ✦ relic · ◌ wall gap
Your base· Open — unwalled flank
ESTG | Zenov's base· Open — unwalled flank
Smoothed initial terrain · ◌ = detected wall gap · hover for details
Inputs per minute
— ivel sti iH - - ESTG | Zenov
Build order — ivel sti iH
128 actions detected in the replay
| 0:00 | Create | Villager (Male) |
| 0:00 | Create | Villager (Male) |
| 0:01 | Create | Villager (Male) |
| 0:09 | Create | Villager (Male) |
| 0:10 | Create | Villager (Male) |
| 1:25 | Create | Villager (Male) |
| 1:43 | Create | Villager (Male) |
| 1:49 | Build | Lumber Camp |
| 2:19 | Create | Villager (Male) |
| 2:44 | Research | Loom |
| 2:45 | Research | Loom |
| 2:46 | Create | Villager (Male) |
| 2:46 | Create | Villager (Male) |
| 2:58 | Create | Villager (Male) |
| 2:58 | Create | Villager (Male) |
| 3:33 | Create | Villager (Male) |
| 4:03 | Create | Villager (Male) |
| 4:16 | Build | Mill |
| 4:37 | Create | Villager (Male) |
| 4:48 | Create | Villager (Male) |
| 5:06 | Create | Villager (Male) |
| 5:23 | Create | Villager (Male) |
| 5:30 | Create | Villager (Male) |
| 5:54 | Create | Villager (Male) |
| 6:37 | Create | Villager (Male) |
| 6:47 | Research | Loom |
| 7:10 | Build | Mining Camp |
| 7:18 | Research | Feudal Age |
| 7:57 | Create | Villager (Male) |
| 8:20 | Create | Villager (Male) |
| 8:24 | Build | Barracks |
| 9:24 | Build | Palisade Wall |
| 9:26 | Build | Palisade Wall |
| 9:42 | Age | Feudal Age |
| 9:45 | Build | Archery Range |
| 9:48 | Research | Double-Bit Axe |
| 9:48 | Research | Double-Bit Axe |
| 9:50 | Create | Villager (Male) |
| 10:15 | Build | Palisade Wall |
| 10:16 | Build | Palisade Wall |
| 10:17 | Build | Palisade Wall |
| 10:19 | Build | Palisade Wall |
| 10:19 | Build | Palisade Wall |
| 10:21 | Build | Palisade Wall |
| 10:23 | Build | Palisade Wall |
| 10:40 | Create | Archer |
| 10:41 | Create | Archer |
| 10:48 | Create | Villager (Male) |
| 11:00 | Create | Villager (Male) |
| 11:10 | Build | Mill |
| 11:11 | Create | Villager (Male) |
| 11:18 | Create | Archer |
| 11:19 | Create | Villager (Male) |
| 11:32 | Create | Archer |
| 11:33 | Create | Villager (Male) |
| 11:49 | Create | Villager (Male) |
| 11:54 | Build | Farm |
| 11:59 | Build | Palisade Wall |
| 12:02 | Create | Villager (Male) |
| 12:05 | Build | Palisade Wall |
| 12:06 | Build | Palisade Wall |
| 12:13 | Create | Villager (Male) |
| 12:15 | Build | Farm |
| 12:19 | Create | Villager (Male) |
| 12:27 | Create | Archer |
| 12:51 | Create | Villager (Male) |
| 12:53 | Create | Archer |
| 12:56 | Build | Blacksmith |
| 13:16 | Create | Villager (Male) |
| 13:18 | Create | Villager (Male) |
| 13:20 | Build | Farm |
| 13:23 | Build | Farm |
| 13:27 | Create | Villager (Male) |
| 13:54 | Build | Stable |
| 14:01 | Build | Palisade Wall |
| 14:03 | Build | Palisade Wall |
| 14:12 | Create | Villager (Male) |
| 14:19 | Research | Fletching |
| 14:19 | Research | Fletching |
| 14:31 | Create | Skirmisher |
| 14:32 | Create | Skirmisher |
| 14:40 | Create | Villager (Male) |
| 14:41 | Build | Palisade Wall |
| 14:43 | Build | Palisade Wall |
| 14:45 | Build | Palisade Wall |
| 14:46 | Build | Palisade Wall |
| 14:49 | Build | Palisade Gate |
| 14:53 | Create | Villager (Male) |
| 14:54 | Build | Palisade Wall |
| 14:57 | Create | Villager (Male) |
| 15:11 | Create | Scout Cavalry |
| 15:13 | Create | Villager (Male) |
| 15:18 | Create | Villager (Male) |
| 15:38 | Create | Villager (Male) |
| 15:48 | Create | Villager (Male) |
| 15:54 | Build | Farm |
| 15:55 | Build | Farm |
| 15:57 | Build | Farm |
| 15:57 | Build | Farm |
| 15:58 | Build | Farm |
| 16:20 | Create | Scout Cavalry |
| 16:20 | Create | Scout Cavalry |
| 16:26 | Build | Palisade Wall |
| 16:28 | Build | Palisade Wall |
| 16:30 | Build | Farm |
| 16:31 | Build | Farm |
| 16:41 | Build | Palisade Wall |
| 16:44 | Create | Skirmisher |
| 16:44 | Create | Skirmisher |
| 16:51 | Create | Villager (Male) |
| 16:52 | Create | Villager (Male) |
| 16:53 | Build | Farm |
| 17:01 | Build | Farm |
| 17:21 | Research | Padded Archer Armor |
| 17:21 | Research | Padded Archer Armor |
| 17:27 | Create | Villager (Male) |
| 17:40 | Create | Villager (Male) |
| 17:52 | Create | Villager (Male) |
| 18:03 | Create | Skirmisher |
| 18:03 | Create | Skirmisher |
| 18:18 | Create | Skirmisher |
| 18:33 | Create | Skirmisher |
| 18:33 | Create | Skirmisher |
| 18:35 | Create | Villager (Male) |
| 18:49 | Create | Villager (Male) |
| 18:51 | Create | Skirmisher |
| 19:05 | Build | Lumber Camp |
| 19:13 | Create | Skirmisher |
Build order — ESTG | Zenov
129 actions detected in the replay
| 0:00 | Create | Villager (Male) |
| 0:01 | Create | Villager (Male) |
| 0:02 | Build | House |
| 0:02 | Build | House |
| 0:14 | Create | Villager (Male) |
| 0:14 | Create | Villager (Male) |
| 1:27 | Create | Villager (Male) |
| 1:27 | Create | Villager (Male) |
| 1:28 | Create | Villager (Male) |
| 1:50 | Build | Lumber Camp |
| 1:51 | Create | Villager (Male) |
| 2:22 | Create | Villager (Male) |
| 2:22 | Create | Villager (Male) |
| 2:48 | Create | Villager (Male) |
| 2:49 | Create | Villager (Male) |
| 2:59 | Build | House |
| 3:10 | Create | Villager (Male) |
| 3:10 | Create | Villager (Male) |
| 3:35 | Create | Villager (Male) |
| 3:35 | Create | Villager (Male) |
| 3:52 | Build | Mill |
| 4:06 | Create | Villager (Male) |
| 4:25 | Create | Villager (Male) |
| 5:00 | Create | Villager (Male) |
| 5:27 | Create | Villager (Male) |
| 5:40 | Build | Barracks |
| 5:45 | Create | Villager (Male) |
| 6:03 | Build | House |
| 6:17 | Create | Villager (Male) |
| 6:36 | Create | Villager (Male) |
| 7:02 | Create | Villager (Male) |
| 7:25 | Research | Loom |
| 7:45 | Build | Farm |
| 7:52 | Research | Feudal Age |
| 7:52 | Research | Feudal Age |
| 7:52 | Research | Feudal Age |
| 7:59 | Build | Mining Camp |
| 8:15 | Create | Militia |
| 8:16 | Create | Militia |
| 8:16 | Create | Militia |
| 8:16 | Create | Militia |
| 8:46 | Create | Militia |
| 8:46 | Create | Militia |
| 9:18 | Build | Mill |
| 9:39 | Create | Villager (Male) |
| 9:41 | Create | Villager (Male) |
| 9:43 | Build | House |
| 10:07 | Age | Feudal Age |
| 10:10 | Research | Man-at-Arms (upgrade) |
| 10:13 | Research | Double-Bit Axe |
| 10:27 | Create | Villager (Male) |
| 10:29 | Build | Archery Range |
| 10:35 | Create | Villager (Male) |
| 10:41 | Build | Farm |
| 10:45 | Create | Villager (Male) |
| 10:50 | Create | Villager (Male) |
| 11:01 | Create | Skirmisher |
| 11:01 | Create | Skirmisher |
| 11:17 | Build | Farm |
| 11:20 | Build | House |
| 12:06 | Create | Skirmisher |
| 12:13 | Create | Villager (Male) |
| 12:17 | Build | Blacksmith |
| 12:27 | Create | Skirmisher |
| 12:34 | Build | House |
| 12:49 | Create | Skirmisher |
| 12:55 | Create | Skirmisher |
| 13:09 | Research | Fletching |
| 13:09 | Research | Fletching |
| 13:24 | Create | Skirmisher |
| 13:24 | Create | Villager (Male) |
| 13:42 | Create | Skirmisher |
| 13:49 | Create | Villager (Male) |
| 13:52 | Build | Farm |
| 13:52 | Build | Farm |
| 13:52 | Build | Farm |
| 13:53 | Build | Farm |
| 13:53 | Build | Farm |
| 13:53 | Build | Farm |
| 13:53 | Build | Farm |
| 13:53 | Build | Farm |
| 13:53 | Build | Farm |
| 13:58 | Create | Skirmisher |
| 14:16 | Create | Villager (Male) |
| 14:19 | Build | House |
| 14:20 | Build | House |
| 14:41 | Create | Skirmisher |
| 14:42 | Create | Villager (Male) |
| 14:51 | Research | Forging |
| 14:51 | Research | Forging |
| 14:52 | Research | Forging |
| 15:30 | Create | Villager (Male) |
| 15:34 | Create | Villager (Male) |
| 15:41 | Create | Skirmisher |
| 15:51 | Create | Spearman |
| 15:51 | Create | Spearman |
| 15:59 | Build | Farm |
| 16:00 | Build | Market |
| 16:00 | Create | Villager (Male) |
| 16:01 | Build | Farm |
| 16:01 | Build | Farm |
| 16:01 | Build | Farm |
| 16:02 | Build | Farm |
| 16:16 | Create | Spearman |
| 16:19 | Create | Villager (Male) |
| 16:39 | Create | Spearman |
| 16:40 | Create | Villager (Male) |
| 16:43 | Create | Villager (Male) |
| 16:56 | Build | Farm |
| 16:56 | Build | Farm |
| 17:00 | Create | Skirmisher |
| 17:06 | Create | Villager (Male) |
| 17:34 | Create | Spearman |
| 17:35 | Create | Spearman |
| 17:35 | Create | Villager (Male) |
| 17:35 | Create | Villager (Male) |
| 17:52 | Create | Villager (Male) |
| 17:53 | Create | Skirmisher |
| 17:58 | Create | Skirmisher |
| 18:19 | Create | Villager (Male) |
| 18:20 | Create | Villager (Male) |
| 18:21 | Build | House |
| 18:22 | Build | House |
| 18:28 | Create | Skirmisher |
| 18:34 | Create | Skirmisher |
| 18:46 | Create | Skirmisher |
| 18:48 | Create | Skirmisher |
| 19:08 | Create | Skirmisher |
| 19:14 | Create | Villager (Male) |
Match timeline
| 5:40 | ESTG | Zenov · first_building Barracks |
| 8:24 | ivel sti iH · first_building Barracks |
| 9:24 | ivel sti iH · wall_segment Palisade Wall x1 |
| 9:26 | ivel sti iH · wall_segment Palisade Wall x1 |
| 9:42 | ivel sti iH · age_up feudal |
| 9:45 | ivel sti iH · first_building Archery Range |
| 10:07 | ESTG | Zenov · age_up feudal |
| 10:15 | ivel sti iH · wall_segment Palisade Wall x1 |
| 10:16 | ivel sti iH · wall_segment Palisade Wall x1 |
| 10:17 | ivel sti iH · wall_segment Palisade Wall x1 |
| 10:19 | ivel sti iH · wall_segment Palisade Wall x1 |
| 10:19 | ivel sti iH · wall_segment Palisade Wall x1 |
| 10:21 | ivel sti iH · wall_segment Palisade Wall x1 |
| 10:23 | ivel sti iH · wall_segment Palisade Wall x1 |
| 10:29 | ESTG | Zenov · first_building Archery Range |
| 11:59 | ivel sti iH · wall_segment Palisade Wall x6 |
| 12:05 | ivel sti iH · wall_segment Palisade Wall x1 |
| 12:06 | ivel sti iH · wall_segment Palisade Wall x1 |
| 13:54 | ivel sti iH · first_building Stable |
| 14:01 | ivel sti iH · wall_segment Palisade Wall x1 |
| 14:03 | ivel sti iH · wall_segment Palisade Wall x1 |
| 14:41 | ivel sti iH · wall_segment Palisade Wall x1 |
| 14:43 | ivel sti iH · wall_segment Palisade Wall x1 |
| 14:45 | ivel sti iH · wall_segment Palisade Wall x1 |
| 14:46 | ivel sti iH · wall_segment Palisade Wall x1 |
| 14:54 | ivel sti iH · wall_segment Palisade Wall x1 |
| 16:26 | ivel sti iH · wall_segment Palisade Wall x1 |
| 16:28 | ivel sti iH · wall_segment Palisade Wall x8 |
| 16:41 | ivel sti iH · wall_segment Palisade Wall x1 |
| 19:11 | ESTG | Zenov · first_market_buy 100 food |
| 19:11 | ESTG | Zenov · first_market_sell 100 stone |
| 19:29 | ivel sti iH · resign |
[ AI ANALYSIS · 1 CREDIT ]
What really happened in this match?
Wolo.gg analyzes every decision: build order, eco, micro, common mistakes by bracket. Personalized analysis on WhatsApp or Discord in 30 seconds.
Civ guide
Huns
Perfil
Jugador #25025558